 Dungeon Crawl Stone Soup version 0.28.0-49-g6dfe1f597d (console) character file.

Game seed: 3837162367358636282

68 Faeu the Skirmisher (level 4, -3/60 HPs)
             Began as a Minotaur Berserker on May 15, 2022.
             Was a Follower of Trog.
             Slain by Sigmund
             ... wielding a +0 scythe
              (8 damage)
             ... on level 2 of the Dungeon.
             The game lasted 00:02:03 (1391 turns).

Faeu the Skirmisher (Minotaur Berserker)            Turns: 1391, Time: 00:02:04

Health: -3/60      AC:  2    Str: 24    XL:     4   Next: 1%
Magic:  3/3        EV: 12    Int:  4    God:    Trog [*.....]
Gold:   54         SH:  0    Dex:  9    Spells: 3/3 levels left

rFire   . . .      SeeInvis .   a - +0 hand axe {axe}
rCold   . . .      Faith    .   (no shield)
rNeg    . . .      Spirit   .   b - +0 animal skin
rPois   .          Reflect  .   (helmet restricted)
rElec   .          Harm     .   (no cloak)
rCorr   .          Rampage  .   (no gloves)
Will    .....                   (no boots)
Stlth   ..........              (no amulet)
HPRegen 0.20/turn               (no ring)
MPRegen 0.08/turn               (no ring)

@: berserking, very quick
A: horns 2, retaliatory headbutt
a: Renounce Religion, Berserk


You were on level 2 of the Dungeon.
You worshipped Trog.
Trog was aware of your devotion.
You visited 1 branch of the dungeon, and saw 2 of its levels.

You collected 54 gold pieces.


Innate Abilities, Weirdness & Mutations

You have a pair of horns on your head.
You reflexively headbutt those who attack you in melee.


   Skills:
 + Level 4.3 Fighting
 + Level 4.3 Axes
 + Level 3.4 Armour
 + Level 3.0 Dodging


You had 3 spell levels left.
You didn't know any spells.
Your spell library was empty.

Inventory:

Hand Weapons
 a - a +0 hand axe (weapon) {axe}
 k - a +2 antimagic hand axe {axe}
   (You found it on level 2 of the Dungeon)
Armour
 b - a +0 animal skin (worn)
Scrolls
 c - a scroll of brand weapon {unknown}
 d - 2 scrolls of teleportation {unknown}
 i - a scroll of amnesia {unknown}
 j - a scroll of noise {unknown}
 l - a scroll of acquirement {unknown}
Potions
 e - a potion of mutation {unknown}
 f - a potion of curing {unknown}
 g - a potion of attraction {unknown}
 h - a potion of lignification {unknown}

Dungeon Overview and Level Annotations

Branches:
Dungeon (2/15)

Altars:

Annotations:
D:2 Sigmund

..# ..# .###..# ..#
#..#.#.# ..# ##......#
>.# #.......# #######
..# #.##.##.# .......
..######.##.##.# .......
.........##....##.......
................@{......
(.............>##.......
..#.##.........# .......
..#.####..#....# .......
..........##...# #######
..#.####..##...# ..#.#
#......... ..#.#
####....#.# ....#
#.#..... ########## .#.
# #......#


There were no monsters in sight!


Message History

😕 HP[-4]
You take 4 damage, and now have 29/33 hp.
A dart slug is nearby!
A dart slug is nearby!
A dart slug is nearby!
You hit the dart slug.
The dart slug bites you but does no damage.
A dart slug is nearby!
You slash the dart slug!
You kill the dart slug!
Trog accepts your kill.
Your Dodging skill increases to level 3!
An endoplasm comes into view.
The endoplasm quivers. 😎 HP[+4]
An endoplasm is nearby!
An endoplasm is nearby!
You hit the endoplasm but do no damage. You headbutt the endoplasm.
The endoplasm freezes you.
You are frozen. 😕 HP[-5]
You take 5 damage, and now have 28/33 hp.
An endoplasm is nearby!
You hit the endoplasm.
You kill the endoplasm!
Trog accepts your kill.
A jackal comes into view.
The jackal barks!
A jackal comes into view. 😎 HP[+5]
There are monsters nearby!
A jackal is nearby!
The jackal barely misses you.
There are monsters nearby!
You barely miss the jackal.
Sigmund shouts!
The jackal barely misses you. You furiously retaliate!
You headbutt the jackal!
You kill the jackal!
Trog accepts your kill.
There are monsters nearby!
Sigmund gestures wildly while chanting.
Sigmund flickers and vanishes!
Deactivating autopickup; reactivate with Ctrl-A.
A jackal is nearby!
A jackal is nearby!
The jackal completely misses you. Something hits you! 😮 HP[-12]
You take 12 damage, and now have 21/33 hp.
MASSIVE DAMAGE!! (PAUSE)
A jackal is nearby!
You are too injured to fight recklessly!
A jackal is nearby!
You are too injured to fight recklessly!
A jackal is nearby!
You are too injured to fight recklessly!
A jackal is nearby!
You are too injured to fight recklessly! 😮 HP[+1]
You hit the jackal. Your headbutt misses the jackal.
The jackal closely misses you. The jackal misses you. You furiously retaliate!
You headbutt the jackal!
You kill the jackal!
Trog accepts your kill.
You have reached level 4!
You feel stronger. 😮 HP[+4] MP[+1]
You now have 40 max hp (+7).
You regained 4 hp, and now have 26/40 hp.
Your mp is fully restored (3).
You hear some strange, mumbled words.
A magic dart appears from out of thin air!
The magic dart hits you!
* * * LOW HITPOINT WARNING * * *
😨 HP[-8]
You take 8 damage, and now have 18/40 hp.
You miss something.
You hear some strange, mumbled words.
A puff of flame appears from out of thin air!
The puff of flame misses you.
You fail to use your ability.
Something completely misses you.
Unknown command.
A red film seems to cover your vision as you go berserk!
You feel yourself moving faster!
You feel mighty! Something hits you!
* * * LOW HITPOINT WARNING * * *
😱 HP[-3]
You now have 60 max hp (+20).
You closely miss something. You barely miss something.
Your headbutt misses something. Something hits you!
* * * LOW HITPOINT WARNING * * *
😱 HP[-9]
You take 9 damage, and now have 6/60 hp.
You completely miss something. You closely miss something. Something hits you.
* * * LOW HITPOINT WARNING * * *
😱 HP[-1]
You take 1 damage, and now have 5/60 hp.
You miss something. You closely miss something. Something hits you!
You die...

Skill      XL: |  1  2  3 |
---------------+----------+-----
Axes           | 4 |  4.3
Fighting       | 4 |  4.3
Armour         | 3 |  3.4
Dodging        | 3 |  3.0

Action                   |  1- 3 |  4- 6 || total
-------------------------+-------+-------++-------
Melee: Hand axe          |    68 |     7 ||    75
       Headbutt          |    11 |       ||    11
Invok: Berserk           |     1 |     1 ||     2
 Stab: Sleeping          |     1 |       ||     1
Armor: Animal skin       |    19 |       ||    19
Dodge: Dodged            |    49 |     2 ||    51

Levels and vault maps discovered:
D:1:      grunt_arrival_lava_bath, layout_basic,
          hellmonk_ecumenical_altar_watching_god,
          hangedman_abyss_or_decor_stabs, wad_floor_pattern_untrapped
D:2:      layout_loops_cross, uniq_sigmund

Notes
Turn   | Place    | Note
-------+----------+-------------------------------------------
     0 | D:1      | Faeu the Minotaur Berserker began the quest for the Orb.
     0 | D:1      | Reached XP level 1. HP: 19/19 MP: 0/0
     0 | D:1      | magus.rc [v1.9.6]
   229 | D:1      | Reached XP level 2. HP: 25/27 MP: 1/1
   392 | D:1      | Noticed a golden eye
   400 | D:1      | Noticed a floating eye
   402 | D:1      | Found a faded altar of an unknown god.
   404 | D:1      | Noticed a shining eye
   404 | D:1      | Noticed an eye of devastation
   606 | D:1      | Reached skill level 4 in Axes
   666 | D:1      | Reached skill level 4 in Fighting
   813 | D:2      | Reached skill level 3 in Armour
   825 | D:2      | Reached XP level 3. HP: 30/33 MP: 2/2
   910 | D:2      | Noticed Sigmund
  1286 | D:2      | Reached skill level 3 in Dodging
  1382 | D:2      | Reached XP level 4. HP: 26/40 MP: 3/3
  1385 | D:2      | HP: 15/60 [something (12)]
  1387 | D:2      | HP: 6/60 [something (10)]
  1391 | D:2      | Slain by Sigmund

Vanquished Creatures
  3 adders
  2 dart slugs (D:2)
  A ball python (D:1)
  2 bats (D:1)
  2 endoplasms (D:2)
  4 giant cockroaches (D:1)
  5 goblins
  A hobgoblin (D:2)
  2 jackals (D:2)
  3 quokkas (D:1)
  A frilled lizard (D:1)
  6 kobolds
  3 rats
35 creatures vanquished.

Table legend:
 A = Non-vault XP
 B = Vault XP
 C = Vault XP percentage of total XP
 D = Non-vault monster count
 E = Vault monster count
 F = Vault count percentage of total count
                 A         B        C        D         E       F
            +---------+---------+-------+---------+---------+-------
      Total |      98 |       0 |   0.0 |      35 |       0 |   0.0
            +---------+---------+-------+---------+---------+-------
        D:1 |      47 |       0 |   0.0 |      22 |       0 |   0.0
        D:2 |      51 |       0 |   0.0 |      13 |       0 |   0.0
            +---------+---------+-------+---------+---------+-------

Illustrated notes

Table legend:
 A = Kills in this place as a percentage of kills in entire the game.
 B = Kills by you in this place as a percentage of kills by you in the entire game.
 C = Kills by friends in this place as a percentage of kills by friends in the entire game.
 D = Other kills in this place as a percentage of other kills in the entire game.
 E = Experience gained in this place as a percentage of experience gained in the entire game.
 F = Experience gained in this place divided by the number of levels of this place that you have seen.
                   A       B       C       D       E      F
               +-------+-------+-------+-------+-------+----------------------
         Total | 100.0 | 100.0 |   N/A |   N/A | 100.0 |  49.0
       Dungeon | 100.0 | 100.0 |   N/A |   N/A | 100.0 |  49.0
               +-------+-------+-------+-------+-------+----------------------

Table legend: (Time is in decaauts)
 A = Elapsed time spent in this place.
 B = Non-inter-level travel time spent in this place.
 C = Inter-level travel time spent in this place.
 D = Time resting spent in this place.
 E = Time spent auto-exploring this place.
 F = Levels seen in this place.
 G = Mean time per level.
                   A        B        C        D        E       F      G
               +--------+--------+--------+--------+--------+-----+--------+
         Total |   1405 |   1385 |     20 |    211 |    910 |   2 |  702.5 |
       Dungeon |   1405 |   1385 |     20 |    211 |    910 |   2 |  702.5 |
               +--------+--------+--------+--------+--------+-----+--------+

Top non-repeatable levels by time:
     D:1: 1020 daAuts
     D:2: 384 daAuts
